 Dungeon Crawl Stone Soup version 0.21.0-3-g78d12a8 (webtiles) character file.

183 MTVSty1e the Chopper (level 5, -5/67 HPs)
             Began as a Draconian Berserker on Jan 10, 2018.
             Was a Believer of Trog.
             Engulfed by a cloud of flame (8 damage)
             ... on level 4 of the Dungeon.
             The game lasted 00:04:19 (2220 turns).

MTVSty1e the Chopper (Draconian Berserker)          Turns: 2220, Time: 00:04:21

Health: -5/67      AC:  7    Str: 25    XL:     5   Next: 35%
Magic:  14/14      EV: 12    Int:  8    God:    Trog [**....]
Gold:   134        SH:  0    Dex: 10    Spells: 4/4 levels left

rFire    . . .     SeeInvis .   a - +0 hand axe
rCold    . . .     Gourm    .   (no shield)
rNeg     . . .     Faith    .   (armour unavailable)
rPois    .         Spirit   .   (helmet restricted)
rElec    .         Reflect  .   h - +1 cloak
rCorr    .         Harm     .   (no gloves)
MR       .....                  (no boots)
Stlth    ..........             (no amulet)
HPRegen  0.21/turn              m - ring of magical power
MPRegen  0.14/turn              (no ring)

@: berserking, very quick
A: unfitting armour, cold-blooded, AC +5
a: Berserk, Trog's Hand, Burn Spellbooks, Renounce Religion


You were on level 4 of the Dungeon.
You worshipped Trog.
Trog was pleased with you.
You were hungry.

You visited 1 branch of the dungeon, and saw 4 of its levels.

You collected 134 gold pieces.

Inventory:

Hand Weapons
 a - a +0 hand axe (weapon)
 l - a +0 flail of protection
Armour
 h - a +1 cloak (worn)
Jewellery
 m - a ring of magical power (left hand)
Scrolls
 c - 4 scrolls of remove curse
 d - 4 scrolls of identify
 i - 3 scrolls of enchant armour
Potions
 b - a potion of might
 g - a potion of heal wounds {unknown}
 k - a potion of mutation {unknown}


   Skills:
 - Level 3.2 Fighting
 + Level 6.1 Axes
 - Level 2.6 Dodging


You had 4 spell levels left.
You didn't know any spells.

Dungeon Overview and Level Annotations

Branches:
Dungeon (4/15)
 Temple: D:4-7

Altars:


Innate Abilities, Weirdness & Mutations

Your plain brown scales are hard. (AC +5)
You cannot fit into any form of body armour.
You are cold-blooded and may be slowed by cold attacks.


Message History

The orc closely misses you.
The orc's inner flame fades away. x2
There is a stone staircase leading down here.
The orc hits you but does no damage.
You climb downwards.
A worker ant comes into view.
The worker ant twitches its antennae in your direction.
There is a stone staircase leading up here.
You can't go down here!
Okay, then.
It was a potion of berserk rage.
A red film seems to cover your vision as you go berserk!
You feel yourself moving faster!
You feel mighty! The orc hits you with a whip.
You slash the orc!
The orc explodes!
The fiery explosion engulfs you!
* * * LOW HITPOINT WARNING * * *
Trog accepts your kill.
You are engulfed in blazing flames.
You die...

# #.....#.# ##.
.#...#.###
...##.#........
... .....a..^ .
............
#..##.#........
#..............
.....§§@.#
#..##§§........
#§#§###.###
#.#.# # # #..
..# #.# #.#


You could see a worker ant.

Vanquished Creatures
  The ghost of Inarius the Chiller, an amateur DrIE (D:3)
  Natasha (D:2)
  2 adders
  2 dart slugs (D:1)
  2 leopard geckos
  7 orcs
  2 giant cockroaches
  A goblin (D:1)
  8 hobgoblins
  2 jackals (D:2)
  A quokka (D:2)
  4 bats
  A frilled lizard (D:2)
  5 kobolds
  5 rats
44 creatures vanquished.

Notes
Turn   | Place    | Note
-------+----------+-------------------------------------------
     0 | D:1      | MTVSty1e the Draconian Berserker began the quest for the Orb.
     0 | D:1      | Reached XP level 1. HP: 19/19 MP: 1/1
   226 | D:1      | Reached XP level 2. HP: 22/26 MP: 2/2
   774 | D:2      | Reached skill level 4 in Axes
   927 | D:2      | Reached XP level 3. HP: 31/31 MP: 3/3
   989 | D:2      | Noticed Natasha
   997 | D:2      | Killed Natasha
   999 | D:2      | Reached ** piety under Trog
  1415 | D:2      | Reached XP level 4. HP: 38/38 MP: 4/4
  1568 | D:2      | Found a faded altar of an unknown god.
  1699 | D:3      | Reached skill level 5 in Axes
  1937 | D:3      | Noticed Inarius's ghost (amateur DrIE)
  1954 | D:3      | Killed Inarius's ghost
  1954 | D:3      | Reached skill level 6 in Axes
  1954 | D:3      | Reached XP level 5. HP: 16/45 MP: 5/5
  2220 | D:4      | HP: 3/67 [orc/exploding inner flame[the player character] (28)]
  2220 | D:4      | Engulfed by a cloud of flame

Skill      XL: |  1  2  3  4 |
---------------+-------------+-----
Axes           | 4 6 |  6.1
Fighting       | |  3.2
Dodging        | |  2.6

Action                   |  1- 3 |  4- 6 || total
-------------------------+-------+-------++-------
Melee: Hand axe          |    74 |    64 ||   138
       Tailslap          |     5 |     5 ||    10
Invok: Berserk           |     1 |     2 ||     3
       Burn Spellbooks   |       |     1 ||     1
  Use: Scroll            |       |     5 ||     5
       Potion            |       |     1 ||     1
 Stab: Sleeping          |     1 |       ||     1
  Eat: Ration            |     1 |       ||     1
       Chunk             |       |     3 ||     3
Armor: Skin              |    26 |    20 ||    46
Dodge: Dodged            |    44 |    42 ||    86
